cohdb
Replays
Latest Replays
All Replays
Popular Replays
Top Player Replays
Match Explorer
How It Works
Community
CoH3 Stats
Reddit
Sign in to upload your games and track your stats! →
Sign in with Steam
Match 42791355
Unlisted
Match 42791355
Overview
Messages
Build Orders
End
Panzergrenadier Squad
Panzergrenadier Squad
Kradschützen Motorcycle Team
Construct Light Support Kompanie
MG34 Team
2.5-tonne Medical Truck
Selects Battlefield Espionage Battlegroup
Selects Intel Disruption Beacon
Fire Support Elements
Selects 250/3 Funkpanzerwagen
Pak 38 Mechanized Group
Flakvierling Half-track
Panzergrenadier Squad
Selects Transfer Depots
Construct Panzerarmee Kommand
Pak 38 Mechanized Group
Forward Retreat Point
Panzer III L Medium Tank
Panzer III L Medium Tank
Vehicle Survival Package
Veteran Squad Leaders
Selects Firestorm
Firestorm
Walking Stuka Rocket Launcher
Panzer III L Medium Tank
Emergency Repair Kits
Firestorm
Panzergrenadier Squad
Panzer III L Medium Tank
Selects Anti-Tank Incendiary Munitions
Selects Operation Skorpion
Panzer III L Medium Tank
Rapid Advance
[82AD] PaulVmax
Kimball211
Joueur 2
FloppyBob
GomeZ
YoBeeaar
Mellow Elf
Potato Elf
0
0
Comments
sign in to comment!
No comments posted yet!